 Dungeon Crawl Stone Soup version 0.23.2-40-g277498a001 (webtiles) character file.

Game seed: 3178004085557212415

51 Curus the Chopper (level 3, 0/31 HPs)
             Began as a Minotaur Abyssal Knight on Oct 20, 2019.
             Was a Believer of Lugonu.
             Slain by Sigmund
             ... wielding a cursed -2 scythe
              (7 damage)
             ... on level 2 of the Dungeon.
             The game lasted 00:03:38 (820 turns).

Curus the Chopper (Minotaur Abyssal Knight)          Turns: 820, Time: 00:03:38

Health: 0/31       AC:  5    Str: 15 (16) XL:     3   Next: 58%
Magic:  4/4        EV: 10    Int:  7 (9)  God:    Lugonu [**....]
Gold:   90         SH:  0    Dex:  7 (10) Spells: 2/2 levels left

rFire    . . .     SeeInvis .   f - +4 hand axe
rCold    . . .     Gourm    .   (no shield)
rNeg     . . .     Faith    .   e - +0 ring mail
rPois    .         Spirit   .   (helmet restricted)
rElec    .         Reflect  .   (no cloak)
rCorr    .         Harm     .   (no gloves)
MR       .....                  (no boots)
Stlth    ..........             d - amulet of rage
HPRegen  0.10/turn              (no ring)
MPRegen  0.09/turn              (no ring)

@: confused
A: retaliatory headbutt, horns 2
a: Depart the Abyss, Bend Space, Renounce Religion, Evoke Berserk Rage


You were on level 2 of the Dungeon.
You worshipped Lugonu.
Lugonu was pleased with you.
You were not hungry.

You visited 1 branch of the dungeon, and saw 2 of its levels.
You visited the Abyss 1 time.

You collected 90 gold pieces.

Inventory:

Hand Weapons
 a - a +3 hand axe
 f - a +4 hand axe (weapon)
Armour
 b - a +1 leather armour
 e - a +0 ring mail (worn)
Jewellery
 d - an amulet of rage (around neck)
Comestibles
 c - 2 rations


   Skills:
 - Level 3.6 Fighting
 + Level 3.8 Axes
 - Level 2.4 Armour
 - Level 1.1 Dodging
 + Level 3.0 Invocations


You had 2 spell levels left.
You didn't know any spells.
Your spell library was empty.

Dungeon Overview and Level Annotations

Branches:
Dungeon (2/15)

Altars:

Annotations:
D:2 Sigmund


Innate Abilities, Weirdness & Mutations

You reflexively headbutt those who attack you in melee.
You have a pair of horns on your head.


Message History

You closely miss something. Your headbutt misses something.
Something hits you but does no damage.
You miss something.
You hear some strange, mumbled words.
You are confused.
Something hits you but does no damage.
You hit something but do no damage. Your headbutt misses something.
You barely miss something. Something hits you.
You're too confused to move!
Something hits you.
You feel less confused. Something hits you.
* * * LOW HITPOINT WARNING * * *
Something hits you.
* * * LOW HITPOINT WARNING * * *
You closely miss something. You barely miss something. You headbutt something.
You hear some strange, mumbled words.
You are confused.
Something hits you!
You die...

................##...#..###......
...........#............###......
....#.#..#.#<.....#..............
)...#.#..#.#.#...................
......#..#....................S..
...............................#.
.........#.#.#.................#.
.#..#.##...†.†.......######......
.#..#.####<#)#{.@............#...
...........#.#...................
..).######.................#.....
...†......................$#.....
.............#...##..............
....######.#.#.............#.....
.#### #........#.###.......#.....
.#########.......# #.###.... ....
#..........#.###.##


There were no monsters in sight!

Vanquished Creatures
  An adder (D:2)
  A worm (D:2)
  3 dart slugs
  4 bats (D:1)
  2 giant cockroaches (D:1)
  4 goblins
  4 hobgoblins
  6 kobolds
  2 frilled lizards (D:2)
  4 rats
31 creatures vanquished.

Notes
Turn   | Place    | Note
-------+----------+-------------------------------------------
     0 | Abyss:1  | Curus the Minotaur Abyssal Knight began the quest for the
                  | Orb.
     0 | Abyss:1  | Reached XP level 1. HP: 19/19 MP: 1/1
     5 | D:1      | Escaped the Abyss
   118 | D:1      | Reached XP level 2. HP: 18/26 MP: 2/2
   601 | D:2      | Reached ** piety under Lugonu
   604 | D:2      | Reached XP level 3. HP: 25/31 MP: 4/4
   777 | D:2      | Noticed Sigmund
   820 | D:2      | Slain by Sigmund

Skill      XL: |  1  2  3 |
---------------+----------+-----
Invocations    | 2 3 |  3.0
Axes           | 3 |  3.8
Fighting       | |  3.6
Armour         | |  2.4
Dodging        | |  1.1

Action                   || total
-------------------------++-------
Melee: Hand axe          ||    81
       Headbutt          ||     7
  Use: Scroll            ||     6
       Potion            ||     3
Armor: Leather armour    ||     9
       Ring mail         ||    12
Dodge: Dodged            ||    38
